 Dungeon Crawl Stone Soup version 0.15-a0-23-gfd8676b (webtiles) character file.

655 4tharraofdagon the Skirmisher (level 7, 1/78 HPs)
             Began as an Ogre Hunter on Mar 31, 2014.
             Was an Initiate of the Shining One.
             Quit the game on Level 4 of the Dungeon.
             The game lasted 00:06:51 (761 turns).

4tharraofdagon the Skirmisher (Ogre Hunter)          Turns: 761, Time: 00:06:51

HP   1/78        AC  3     Str 20      XL: 7   Next: 45%
MP   7/7         EV  9     Int 10      God: the Shining One [......]
Gold 37          SH  0     Dex 10 (12) Spells:  0 memorised,  6 levels left

rFire  . . .     SeeInvis .     a - +1 club
rCold  . . .     Clarity  .     d - +0 animal skin
rNeg   . . .     Conserve .     (shield restricted)
rPois  .         rCorr    .     (helmet restricted)
rElec  .         rRot     .     (no cloak)
SustAb . .       Spirit   .     (gloves unavailable)
rMut   .         Warding  .     (boots unavailable)
Saprov + . .     Stasis   .     (no amulet)
MR     .....                    (no ring)
                                n - +2 ring of dexterity

@: heavily drained, not resistant to hostile enchantments, unstealthy
A: unfitting armour, fast metabolism 1, saprovore 1, tough skin 1
a: Renounce Religion


You were on level 4 of the Dungeon.
You worshipped the Shining One.
The Shining One was noncommittal.
You were not hungry.

You visited 1 branch of the dungeon, and saw 4 of its levels.

You collected 37 gold pieces.

Inventory:

Hand weapons
 a - a +1,+1 club (weapon)
 c - a +0,+2 whip of freezing
 r - a +0,+0 flail
 u - a +0,+0 giant spiked club
Missiles
 b - 2 large rocks (quivered)
 e - 15 stones
Armour
 d - a +0 animal skin (worn)
Magical devices
 i - a wand of digging (13)
 o - a wand of cold (0)
 s - a wand of frost (9)
Comestibles
 f - 2 meat rations
 h - a pear
 q - a rambutan
 t - a chunk of hound flesh
Scrolls
 g - a scroll of recharging {unknown}
 j - a scroll of blinking {unknown}
 l - a scroll of enchant weapon I {unknown}
 m - a scroll of noise {unknown}
 p - a scroll of fear {unknown}
Jewellery
 n - a +2 ring of dexterity (left hand)
Potions
 k - a potion of restore abilities


   Skills:
 * Level 7.5(5.5) Fighting
 - Level 1.3(0.0) Maces & Flails
 - Level 4.3(2.4) Throwing
 - Level 1.7(0.0) Dodging
 - Level 0.7(0.0) Stealth
 * Level 4.9(3.0) Unarmed Combat


You had 6 spell levels left.
You didn't know any spells.

Dungeon Overview and Level Annotations

Branches:
Dungeon (4/15)
 Temple: D:4-7

Altars:
The Shining One

Shops:
D:4 =

Annotations:
D:4 Eustachio


Innate Abilities, Weirdness & Mutations

You are too large for most types of armour.
You have a fast metabolism.
You can tolerate rotten meat.
You have tough skin (AC +1).


Message History

Throwing (i - inventory. (,) - cycle):
b - 3 large rocks (quivered)
Press: ? - help, Shift-Dir - straight line, f - Eustachio
Aim: Eustachio, wielding a cutlass of draining, wearing a leather armour and carrying a wand of teleportation {zapped: 3} (heavily wounded)
You throw a large rock. The large rock misses Eustachio.
The bat hits you.
* * * LOW HITPOINT WARNING * * *
The bat barely misses you. The bat hits you.
* * * LOW HITPOINT WARNING * * *
The bat hits you but does no damage.
The iron imp sputters.
Eustachio gestures wildly while chanting.
Eustachio blinks!
The iron imp disappears in a puff of smoke! x2
The bat hits you.
* * * LOW HITPOINT WARNING * * *
The ufetubus hits you but does no damage.
The ufetubus hits you. The Shining One protects you from harm!
The bat barely misses you.
You see here a large rock.
Are you sure you want to abandon this character and quit the game? (Confirm with "yes".)

##########
###........#
##########.'........#
#.....@b##%#........#
#....55bzw.#........+
#....5.b#.##........#
#.....@.'.##........#
#...§...####........#
#....§..# #........#
#.......# ##'#######
#####%### #[.# #...#
##.#


You could see Eustachio, a worm, a crimson imp, a white imp, an ufetubus, 3 bats
and a giant gecko skeleton.

Vanquished Creatures
  Pikel (D:4)
  An ogre (D:4)
  3 slaves (D:4)
  A hound (D:4)
  Jessica (D:2)
  A green rat (D:4)
  2 giant geckos
  An ooze (D:4)
  4 orcs (D:4)
  4 jackals
  A bat (D:2)
  2 giant cockroaches
  A giant newt (D:4)
  A goblin (D:4)
  A goblin skeleton (D:4)
  3 kobolds (D:2)
  An orc zombie (D:3)
  A rat (D:2)
30 creatures vanquished.

Vanquished Creatures (others)
  A jackal (D:4)
1 creature vanquished.

Grand Total: 31 creatures vanquished

Notes
Turn   | Place    | Note
--------------------------------------------------------------
     0 | D:1      | 4tharraofdagon, the Ogre Hunter, began the quest for the Orb.
     0 | D:1      | Reached XP level 1. HP: 22/22 MP: 1/1
    74 | D:2      | Noticed Jessica
    76 | D:2      | Killed Jessica
    76 | D:2      | Reached skill level 1 in Unarmed Combat
    76 | D:2      | Reached XP level 2. HP: 18/32 MP: 2/2
    80 | D:2      | Reached XP level 3. HP: 23/39 MP: 3/3
   233 | D:4      | Noticed Eustachio
   261 | D:4      | Found a glowing golden altar of the Shining One.
   264 | D:4      | Became a worshipper of the Shining One
   408 | D:4      | Found Stristriuc's Jewellery Shop.
   517 | D:4      | Noticed an ogre
   572 | D:4      | Noticed Pikel
   572 | D:4      | Noticed a slave
   572 | D:4      | Noticed a slave
   572 | D:4      | Noticed a slave
   572 | D:4      | Noticed a slave
   578 | D:4      | Killed a slave
   579 | D:4      | Killed a slave
   590 | D:4      | Killed a slave
   592 | D:4      | Killed Pikel
   592 | D:4      | Reached skill level 7 in Fighting
   592 | D:4      | Reached XP level 4. HP: 9/55 MP: 4/4
   592 | D:4      | Reached XP level 5. HP: 10/62 MP: 5/5
   592 | D:4      | Reached XP level 6. HP: 11/71 MP: 6/6
   592 | D:4      | Reached XP level 7. HP: 12/78 MP: 7/7
   667 | D:4      | Killed an ogre
   718 | D:4      | HP: 2/78 [green rat[Eustachio] (3)]
   726 | D:4      | HP: 1/78 [giant gecko skeleton (2)]
   759 | D:4      | HP: 3/78 [bat[Eustachio] (1)]
   760 | D:4      | HP: 1/78 [bat[Eustachio] (1)]
   760 | D:4      | The Shining One protects you from harm!
   761 | D:4      | Quit the game

Action                   |  1- 3 |  4- 6 |  7- 9 || total
-------------------------+-------+-------+-------++-------
Melee: Club              |    43 |       |     2 ||    45
Throw: Large rock        |    26 |       |    12 ||    38
       Throwing net      |     3 |       |       ||     3
       Stone             |     1 |       |       ||     1
Evoke: Wand              |     5 |       |     3 ||     8
  Use: Potion            |     4 |       |       ||     4
